 Dungeon Crawl Stone Soup version 0.30-a0-219-gf2db51d15e (webtiles) character file.

Game seed: 4330658312452727775

32 KennySheep the Changer (level 3, 0/26 HPs)
             Began as a Barachi Transmuter on Oct 8, 2022.
             Slain by a gnoll
             ... wielding a +0 spear
              (10 damage)
             ... on level 2 of the Dungeon.
             The game lasted 00:02:38 (1173 turns).

KennySheep the Changer (Barachi Transmuter)         Turns: 1173, Time: 00:02:39

Health: 0/26       AC:  2    Str: 11    XL:     3   Next: 27%
Magic:  6/6        EV: 12    Int: 15    God:
Gold:   60         SH:  0    Dex: 12    Spells: 3/6 levels left

rFire   . . .      SeeInvis .      - Unarmed
rCold   . . .      Faith    .    (no shield)
rNeg    . . .      Spirit   .    a - +0 robe
rPois   .          Reflect  .    (helmet currently unavailable)
rElec   .          Harm     .    (no cloak)
rCorr   .          Rampage  .    (no gloves)
Will    .....                    (boots currently unavailable)
Stlth   +.........               (no amulet)
HPRegen 0.24/turn                (no ring)
MPRegen 0.10/turn                (no ring)

@: appendages, slow
A: horns 2, talons 2, amphibious, slowness 1, strong legs 1, +LOS
a: Hop, End Transformation


You were on level 2 of the Dungeon.
You had temporarily grown beastly horns and talons.
You visited 1 branch of the dungeon, and saw 2 of its levels.

You collected 60 gold pieces.

Inventory:

Armour
 a - a +0 robe (worn)
Jewellery
 c - a +6 ring of dexterity
Scrolls
 d - a scroll of poison {unknown}
 e - a scroll of enchant armour {unknown}
 g - a scroll of teleportation {unknown}
Potions
 b - a potion of lignification
 f - a potion of mutation {unknown}
 h - a potion of degeneration {unknown}


   Skills:
 - Level 1.2 Fighting
 - Level 2.1 Dodging
 - Level 3.2 Unarmed Combat
 - Level 2.1 Spellcasting
 * Level 3.5 Transmutations
 + Level 1.7 Ice Magic


You had 3 spell levels left.
You knew the following spells:

 Your Spells              Type           Power      Damage    Failure   Level
a - Beastly Appendage     Tmut           24%        N/A       4%          1
b - Wereblood             Tmut           12%        N/A       8%          2

Your spell library contained the following spells:

 Spells                   Type           Power      Damage    Failure   Level
 Spider Form              Tmut/Pois      6%         N/A       32%         3
 Ice Form                 Ice/Tmut       9%         N/A       58%         4


Dungeon Overview and Level Annotations

Branches:
Dungeon (2/15)

Altars:


Innate Abilities, Weirdness & Mutations

You have temporarily grown beastly horns and talons.
You are amphibious.
You cover ground slowly.
You can hop short distances.
You have an extended range of vision and can be seen from far away.


Message History

You kill the bat!
No target in view!
Your transformation is almost over.
Your horns disappear.
Your talons disappear.
g - a scroll labelled WUEF FUJEKYAWN You see here 5 stones.
You see here a +0 barding.
h - a fuming golden potion You see here a +0 barding.
You see here 5 stones.
Done exploring.
Done exploring.
There is a stone staircase leading down here.
You climb downwards.
Found 18 gold pieces.
There is a stone staircase leading up here.
Okay, then.
A gnoll comes into view. It is wielding a +0 whip.
Found a whip.
You grow a pair of large bovine horns.
Your feet morph into talons.
A ball python and 3 gnolls come into view.
Found a spear.
The ball python hisses angrily.
The gnoll shouts! x3; You hear an angry hiss.
You hit the gnoll.
The gnoll is lightly wounded.
The gnoll attacks as you move away! The gnoll hits you with a +0 whip.
The ball python misses you. The ball python grabs you.
The ball python constricts you.
There is a stone staircase leading up here.
You hit the ball python.
You kill the ball python!
You hit the gnoll.
The gnoll is heavily wounded.
The gnoll completely misses you. The gnoll hits you with a +0 whip!
The gnoll attacks as you move away! The gnoll barely misses you.
You hit the gnoll. You claw the gnoll.
The gnoll is severely wounded.
The gnoll hits you with a +0 whip.
The gnoll hits you from afar with a +0 spear!
You die...

#.# #..
#.#####....
#######..........
...)..$.....)...#
..............#.#
#gg.g.g...#
#g#####.g.. #g#
#@# #..# #.## ..
##. #. #. #. #.


You could see 4 gnolls.

Vanquished Creatures
  2 dart slugs (D:1)
  3 ball pythons
  4 goblins (D:1)
  A hobgoblin (D:1)
  2 jackals (D:1)
  2 kobolds (D:1)
  A quokka (D:1)
  5 bats (D:1)
  3 frilled lizards (D:1)
  5 rats (D:1)
28 creatures vanquished.

Notes
Turn   | Place    | Note
-------+----------+-------------------------------------------
     0 | D:1      | KennySheep the Barachi Transmuter began the quest for the
                  | Orb.
     0 | D:1      | Reached XP level 1. HP: 15/15 MP: 3/3
   153 | D:1      | Reached XP level 2. HP: 1/21 MP: 3/5
   154 | D:1      | HP: 1/21 [kobold/+0 club (1)]
   156 | D:1      | Reached skill level 1 in Ice Magic
   417 | D:1      | Learned a level 2 spell: Wereblood
   510 | D:1      | Reached XP level 3. HP: 21/26 MP: 6/6
  1173 | D:2      | Slain by a gnoll

Illustrated notes

Levels and vault maps discovered:
D:1:      onia_arrival_mini_maze, layout_loops_cross, item_on_display_a
D:2:      layout_loops_ring, hellmonk_ecumenical_altar_watching_god,
          corexii_hall_statues_l

Skill      XL: |  1  2 |
---------------+-------+-----
Ice Magic      | 1 |  1.7
Transmutations | 3 |  3.5
Fighting       | |  1.2
Dodging        | |  2.1
Unarmed Combat | |  3.2
Spellcasting   | |  2.1

Action                   || total
-------------------------++-------
Melee: Unarmed           ||    93
       Kick              ||     7
       Headbutt          ||     3
       Punch             ||     1
 Cast: Beastly Appendage ||     7
 Stab: Sleeping          ||     1
Armor: Robe              ||    26
Dodge: Dodged            ||    74

Table legend: (Time is in decaauts)
 A = Elapsed time spent in this place.
 B = Non-inter-level travel time spent in this place.
 C = Inter-level travel time spent in this place.
 D = Time resting spent in this place.
 E = Time spent auto-exploring this place.
 F = Levels seen in this place.
 G = Mean time per level.
                   A        B        C        D        E       F      G
               +--------+--------+--------+--------+--------+-----+--------+
         Total |   1330 |   1248 |     82 |     85 |    947 |   2 |  665.0 |
       Dungeon |   1330 |   1248 |     82 |     85 |    947 |   2 |  665.0 |
               +--------+--------+--------+--------+--------+-----+--------+

Top non-repeatable levels by time:
     D:1: 1320 daAuts
     D:2: 10 daAuts
